[Event "Team 45 45 League T35"]
[Site "Internet Chess Club"]
[Date "2007.10.28"]
[Round "2"]
[White "oldsj"]
[Black "PawnSensei"]
[Result "1-0"]
[WhiteElo "1529"]
[BlackElo "1375"]
[Opening "Ruy Lopez: open, classical defense"]
[ECO "C83"]
[Time "14:01:02"]
[TimeControl "2700+45"]

1. e4 e5 2. Nf3 Nc6 3. Bb5 a6 4. Ba4 Nf6 5. O-O Nxe4 6. d4 b5 7. Bb3 d5 8. dxe5
Be6 9. c3 Be7 10. Nbd2 O-O 11. Bc2 Bf5 12. Nd4 Nxd4 13. cxd4 f6 14. Nxe4 Bxe4
15. Bb3 fxe5 16. Re1 c6 17. f3 Bg6 18. dxe5 Kh8 19. Be3 Bb4 20. Re2 Qe7 21. Rc1
Rac8 22. a3 Ba5 23. Bc5 Qb7 24. Bxf8 Rxf8 25. Bc2 Bb6+ 26. Kh1 Be8 27. b4 a5 28.
Bd3 axb4 29. axb4 Qe7 30. Qe1 c5 31. bxc5 Bxc5 32. Qc3 d4 33. Qxc5 Qxc5 34. Rxc5
b4 35. Rc8 Kg8 36. Bc4+ {Black resigns} 1-0

[Event "Team 45 45 League T35"]
[Site "Internet Chess Club"]
[Date "2007.10.27"]
[Round "2"]
[White "cityprosecutor"]
[Black "Fysh"]
[Result "0-1"]
[WhiteElo "1763"]
[BlackElo "1796"]
[Opening "French: King's Indian attack"]
[ECO "C00"]
[Time "10:02:14"]
[TimeControl "2700+45"]

1. e4 e6 2. d3 d5 3. Nd2 Nf6 4. g3 c5 5. Bg2 Nc6 6. Ngf3 Bd6 7. O-O O-O 8. Re1
Qc7 9. a4 b6 10. Nf1 Bb7 11. h3 dxe4 12. dxe4 Rad8 13. Qe2 Ne5 14. Nxe5 Bxe5 15.
c3 Nd7 16. Qc4 Qc8 17. Ne3 Ba6 18. Qb3 c4 19. Qd1 Nc5 20. Qg4 Nd3 21. Rd1 f5 22.
exf5 exf5 23. Qh4 f4 24. Ng4 fxg3 25. fxg3 Qc7 26. Be4 g6 27. Qg5 Bxg3 28. Nf6+
Kh8 29. Be3 Bf4 30. Bxf4 Nxf4 31. Qh4 Nxh3+ 32. Kh1 Rxd1+ 33. Rxd1 Bc8 34. Bxg6
Bb7+ 35. Be4 Bxe4+ 36. Nxe4 Qb7 37. Kh2 Nf4 38. Ng5 Qg2# {White checkmated} 0-1

[Event "Team 45 45 League T35"]
[Site "Internet Chess Club"]
[Date "2007.10.28"]
[Round "2"]
[White "sean98"]
[Black "mickeys"]
[Result "1-0"]
[WhiteElo "1572"]
[BlackElo "1621"]
[Opening "Sicilian: dragon, Yugoslav attack, 10.O-O-O"]
[ECO "B78"]
[Time "16:01:09"]
[TimeControl "2700+45"]

1. e4 c5 2. Nf3 Nc6 3. d4 cxd4 4. Nxd4 d6 5. Nc3 g6 6. Be3 Bg7 7. Qd2 Nf6 8. f3
O-O 9. O-O-O Bd7 10. Bc4 Ne5 11. Bb3 Rc8 12. h4 h5 13. Bh6 a6 14. Bxg7 Kxg7 15.
Rdg1 b5 16. Nd1 Nc4 17. Bxc4 Rxc4 18. Ne3 Rc5 19. g4 Qc8 20. gxh5 Rxh5 21. Rg5
Rfh8 22. Nef5+ Kf8 23. Rxh5 Rxh5 24. Ng3 Rh7 25. Kb1 Qc5 26. Nge2 b4 27. Nb3 Qb6
28. Nf4 a5 29. Nd5 Nxd5 30. Qxd5 Rh5 31. Qd1 a4 32. Qd4 Qxd4 33. Nxd4 g5 34. Kc1
Rxh4 35. Rxh4 gxh4 36. Kd1 e5 37. Ne2 Be6 38. b3 axb3 39. cxb3 f5 40. Ke1 d5 41.
exd5 Bxd5 42. f4 e4 43. Nd4 h3 44. Nxf5 h2 45. Ng3 e3 46. Ke2 h1=Q 47. Nxh1 Bxh1
48. Kxe3 Ke7 49. Kd4 Kd6 50. Kc4 Be4 51. Kxb4 Bb1 52. a3 Kc6 53. Kc4 Bf5 54. b4
Be6+ 55. Kd4 Kb5 56. Ke5 Bc4 57. Kd4 Bf7 58. f5 Ka4 59. f6 Kb5 60. Ke5 Kc6 61.
a4 Kd7 62. b5 Bc4 63. b6 Kc6 64. a5 Kb7 65. Kd6 Ka6 66. Kc7 Bd5 67. f7 Bxf7 68.
b7 Kxa5 69. b8=Q Ka4 70. Kc6 Bb3 71. Kc5 Ka3 72. Qb4+ Ka2 73. Kd4 Bg8 74. Kc3
{Black resigns} 1-0

[Event "Team 45 45 League T35"]
[Site "Internet Chess Club"]
[Date "2007.10.29"]
[Round "2"]
[White "IronWill"]
[Black "kingphisch"]
[Result "1-0"]
[WhiteElo "1543"]
[BlackElo "1513"]
[Opening "Caro-Kann: Rasa-Studier gambit"]
[ECO "B15"]
[Time "12:15:49"]
[TimeControl "2700+45"]

1. e4 c6 2. d4 d5 3. Nc3 dxe4 4. f3 exf3 5. Nxf3 Nf6 6. Bc4 e6 7. Bg5 Nbd7 8.
O-O Bd6 9. Ne4 Be7 10. Nxf6+ Nxf6 11. c3 O-O 12. Bd3 Ne8 13. Qd2 f5 14. Bxe7
Qxe7 15. Ne5 Nf6 16. Qg5 Bd7 17. Rf3 Be8 18. g4 Nd5 19. Qxe7 Nxe7 20. gxf5 exf5
21. Raf1 g6 22. h4 Rd8 23. h5 Bf7 24. hxg6 hxg6 25. Rg3 Kg7 26. Bxf5 Nxf5 27.
Rxf5 Rh8 28. Rxf7+ Kg8 29. Rxg6# {Black checkmated} 1-0

[Event "Team 45 45 League T35"]
[Site "Internet Chess Club"]
[Date "2007.10.25"]
[Round "2"]
[White "fileman"]
[Black "Qualm"]
[Result "1-0"]
[WhiteElo "1870"]
[BlackElo "1701"]
[Opening "KGD: classical variation"]
[ECO "C30"]
[Time "15:35:09"]
[TimeControl "2700+45"]

1. e4 e5 2. f4 Bc5 3. Nf3 d6 4. Nc3 Nf6 5. Bc4 Nc6 6. d3 Bg4 7. Na4 Nd4 8. Nxc5
dxc5 9. c3 Nxf3+ 10. gxf3 Bh5 11. Qe2 Qd6 12. fxe5 Qxe5 13. f4 Qe7 14. Qg2 O-O-O
15. O-O g6 16. Be3 Ng4 17. Bd2 Nf6 18. a4 Rhe8 19. a5 a6 20. b4 cxb4 21. cxb4
Kb8 22. Bc3 Ng4 23. Rae1 c5 24. b5 Ka7 25. h3 Nf6 26. b6+ Kb8 27. Be5+ Kc8 28.
Rb1 Nd7 29. Bc3 Nb8 30. Rbe1 Qd7 31. Bf6 Nc6 32. Qg5 Qxh3 33. Bxf7 h6 34. Qh4
Qd7 35. Bxd8 Rxd8 36. Bd5 Nxa5 37. f5 Nc6 38. Be6 {Black resigns} 1-0

[Event "Team 45 45 League T35"]
[Site "Internet Chess Club"]
[Date "2007.10.27"]
[Round "2"]
[White "Kittle"]
[Black "hansolo1000"]
[Result "0-1"]
[WhiteElo "1715"]
[BlackElo "1783"]
[Opening "Sicilian: Najdorf, 7...Be7"]
[ECO "B98"]
[Time "16:42:15"]
[TimeControl "2700+45"]

1. e4 c5 2. Nf3 d6 3. d4 cxd4 4. Nxd4 Nf6 5. Nc3 a6 6. Bg5 e6 7. f4 Be7 8. Qf3
Qa5 9. O-O-O Bd7 10. g4 Nc6 11. Nb3 Qc7 12. Bg2 O-O-O 13. Rd2 h6 14. Bxf6 Bxf6
15. Rhd1 Be7 16. Kb1 Kb8 17. h3 g5 18. f5 Ne5 19. Qe2 Bc6 20. Nd4 Bd7 21. Nb3
Rhe8 22. Nc1 Bf8 23. a3 Rc8 24. N1a2 Red8 25. Nb4 Qb6 26. Qf2 Qa5 27. Bf1 Rc7
28. Be2 Rdc8 29. Qf1 Rxc3 30. bxc3 Rxc3 31. Na2 Rxa3 32. c4 Ba4 33. Rb2 Bxd1 34.
Qxd1 Qc5 35. Rc2 Qe3 36. c5 Qxe4 37. cxd6 Rb3+ 38. Ka1 Bg7 39. Nc3 Ra3+ 40. Ra2
Rxc3 41. Qf1 Nd7 42. Bf3 Rc1# {White checkmated} 0-1

[Event "Team 45 45 League T35"]
[Site "Internet Chess Club"]
[Date "2007.10.28"]
[Round "2"]
[White "burnsja2003"]
[Black "knightc9mate"]
[Result "0-1"]
[WhiteElo "1754"]
[BlackElo "1916"]
[Opening "QGD: Chigorin defense"]
[ECO "D07"]
[Time "11:14:43"]
[TimeControl "2700+45"]

1. d4 d5 2. c4 Nc6 3. Nf3 Bg4 4. e3 e5 5. dxe5 d4 6. exd4 Bxf3 7. Qxf3 Qxd4 8.
e6 O-O-O 9. a3 Ne5 10. Qe2 Nxc4 11. Be3 Nxe3 12. fxe3 Qe5 13. Nc3 Bc5 14. e4
fxe6 15. g3 Nh6 16. Bh3 Rhf8 17. Rf1 Bd4 18. Qc4 Rxf1+ 19. Bxf1 Ng4 20. Bh3 Qf6
21. O-O-O Bxc3 22. Rxd8+ Kxd8 23. Qd3+ Ke7 24. Qxc3 Qh6+ 25. Kc2 Qxh3 26. Qxc7+
Kf6 27. Kb3 Kg6 28. Qb8 Nf6 29. e5 Qxh2 30. exf6 gxf6 31. Qxb7 Qxg3+ 32. Kc4
Qf4+ 33. Kc3 Qe3+ 34. Kc4 h5 35. a4 Qb6 36. Qxb6 axb6 37. Kb5 h4 38. Kxb6 h3 39.
a5 h2 40. a6 h1=Q 41. a7 Kf7 42. b4 Ke7 43. Ka6 Qc6+ 44. Ka5 Qb7 {White resigns}
0-1

[Event "Team 45 45 League T35"]
[Site "Internet Chess Club"]
[Date "2007.10.28"]
[Round "2"]
[White "HKNIGHT"]
[Black "Beancounter"]
[Result "1/2-1/2"]
[WhiteElo "1715"]
[BlackElo "1748"]
[Opening "Queen's pawn game"]
[ECO "A45"]
[Time "15:06:03"]
[TimeControl "2700+45"]

1. d4 Nf6 2. e3 b6 3. f4 Bb7 4. Nf3 e6 5. Bd3 c5 6. c3 Be7 7. O-O Be4 8. Qe2 O-O
9. Bxe4 Nxe4 10. Nbd2 Nxd2 11. Bxd2 d5 12. e4 dxe4 13. Qxe4 Nd7 14. Ne5 Nxe5 15.
fxe5 Qd5 16. Qxd5 exd5 17. Rf3 Rac8 18. dxc5 bxc5 19. Rd3 d4 20. c4 Rc6 21. Ra3
a6 22. Rf1 f6 23. exf6 Rcxf6 24. Raf3 Rxf3 25. Rxf3 Rxf3 26. gxf3 Kf7 27. a3 Ke6
28. b4 Ke5 29. Kf2 Ke6 30. Ke2 Kd7 31. Kd3 Kc6 32. Ke4 g6 33. h3 Bf6 34. Kd3 Be7
35. Be1 Bd6 36. bxc5 Bxc5 37. Bb4 Bb6 38. Ke4 Bc5 39. Kd3 Kd6 40. Ke4 Kc6 41.
Kd3 Kd6 {Game drawn by mutual agreement} 1/2-1/2

[Event "Team 45 45 League T35"]
[Site "Internet Chess Club"]
[Date "2007.10.27"]
[Round "2"]
[White "tourettes"]
[Black "cityprosecutor"]
[Result "0-1"]
[WhiteElo "1758"]
[BlackElo "1780"]
[Opening "Sicilian: closed"]
[ECO "B24"]
[Time "15:27:55"]
[TimeControl "2700+45"]

1. e4 c5 2. Nc3 Nc6 3. g3 e6 4. Bg2 a6 5. Nge2 b5 6. O-O Be7 7. d3 Bb7 8. a3 Qc7
9. h3 Nf6 10. Be3 d5 11. exd5 exd5 12. Nxd5 Nxd5 13. Bxd5 Bf6 14. c3 Qd7 15. Bg2
Rd8 16. Nf4 Be7 17. Re1 O-O 18. Nd5 Ne5 19. Nxe7+ Qxe7 20. Bf4 Bxg2 21. Kxg2
Qb7+ 22. Kf1 Nxd3 {White resigns} 0-1

[Event "Team 45 45 League T35"]
[Site "Internet Chess Club"]
[Date "2007.10.27"]
[Round "2"]
[White "Duguesclin"]
[Black "Obi-Wan"]
[Result "0-1"]
[WhiteElo "1637"]
[BlackElo "1935"]
[Opening "Old Indian defense"]
[ECO "A54"]
[Time "07:01:16"]
[TimeControl "2700+45"]

1. d4 d6 2. c4 Nf6 3. Nc3 Nbd7 4. Nf3 e5 5. Bg5 c6 6. e3 Qc7 7. Rc1 Be7 8. Be2
h6 9. Bh4 Nf8 10. dxe5 dxe5 11. Bg3 Ng6 12. h3 Bf5 13. Bd3 Rd8 14. e4 Be6 15.
Qc2 Nh5 16. O-O Ngf4 17. Bxf4 Nxf4 18. Rfd1 Qc8 19. Bf1 O-O 20. Ne2 Ng6 21. a3
Nh4 22. Nxe5 Qb8 23. Nd3 Bf6 24. f4 a6 25. Nc5 Qa7 26. b4 Bc8 27. Kh1 a5 28. e5
Be7 29. Nd3 Nf5 30. Re1 Ne3 31. Qc3 Bh4 32. g3 Be7 33. c5 axb4 34. axb4 Qa2 35.
Nb2 Qd5+ 36. Kh2 Qf3 37. Nc4 Qf2+ 38. Kh1 Nxc4 39. Qxc4 Be6 40. Qc3 Bd5+ {White
resigns} 0-1

[Event "Team 45 45 League T35"]
[Site "Internet Chess Club"]
[Date "2007.10.29"]
[Round "2"]
[White "qs16"]
[Black "andrew28"]
[Result "1-0"]
[WhiteElo "1870"]
[BlackElo "1779"]
[Opening "Queen's pawn, Mason variation"]
[ECO "D00"]
[Time "13:59:56"]
[TimeControl "2700+45"]

1. d4 d5 2. Bf4 e6 3. e3 c5 4. c3 Nc6 5. Bd3 Nf6 6. Nd2 cxd4 7. exd4 Bd6 8. Bxd6
Qxd6 9. Ngf3 O-O 10. O-O e5 11. Nxe5 Nxe5 12. dxe5 Qxe5 13. Re1 Qd6 14. Nb3 Bg4
15. Qd2 Rfe8 16. Nd4 Re5 17. Rxe5 Qxe5 18. Re1 Ne4 19. Qc2 Qg5 20. Bxe4 dxe4 21.
Qxe4 h6 22. Qxb7 Rd8 23. Qe7 Qd5 24. Re5 Qa8 25. h3 f6 26. Re3 Bh5 27. Rg3 g5
28. Nf5 Be8 29. Qg7# {Black checkmated} 1-0

[Event "Team 45 45 League T35"]
[Site "Internet Chess Club"]
[Date "2007.10.27"]
[Round "2"]
[White "crisgrossi"]
[Black "chess9397"]
[Result "1-0"]
[WhiteElo "1574"]
[BlackElo "1747"]
[Opening "Giuoco Piano"]
[ECO "C50"]
[Time "16:00:29"]
[TimeControl "2700+45"]

1. e4 e5 2. Nf3 Nc6 3. Bc4 Bc5 4. O-O d6 5. c3 Nf6 6. d3 h6 7. h3 O-O 8. b4 Bb6
9. Nh4 Nxe4 10. Ng6 Ng3 11. Nxf8 Nxf1 12. Ng6 Qf6 13. Qxf1 Qxg6 14. Kh2 Bf5 15.
g4 Bd7 16. Be3 Bxe3 17. fxe3 Rf8 18. Nd2 Kh8 19. Qg2 f5 20. Rf1 Rf6 21. e4 fxg4
22. Rxf6 Qxf6 23. hxg4 Qh4+ 24. Kg1 Bxg4 25. Nf3 Qh3 26. Qxh3 Bxh3 27. Nh4 Kh7
28. Nf5 g5 29. Kf2 Kg6 30. b5 Na5 31. Ne7+ Kf6 32. Nd5+ Kg7 33. Nxc7 Nxc4 34.
dxc4 h5 35. Ne8+ Kg6 36. Nxd6 b6 37. a4 h4 38. Nb7 Kf6 39. a5 Ke7 40. a6 Bd7 41.
c5 Bxb5 42. cxb6 Bxa6 43. Nc5 Bb5 44. b7 h3 45. b8=Q h2 46. Qxe5+ {Black
resigns} 1-0

[Event "Team 45 45 League T35"]
[Site "Internet Chess Club"]
[Date "2007.10.29"]
[Round "2"]
[White "Juan73"]
[Black "reijo"]
[Result "0-1"]
[WhiteElo "1706"]
[BlackElo "1572"]
[Opening "Caro-Kann: exchange variation"]
[ECO "B13"]
[Time "09:08:58"]
[TimeControl "2700+45"]

1. e4 c6 2. d4 d5 3. exd5 cxd5 4. Nc3 Nf6 5. Bf4 Nc6 6. Nf3 Bg4 7. Nb5 Qa5+ 8.
c3 Rc8 9. b4 Qb6 10. a4 a6 11. a5 Qd8 12. Na3 e6 13. Qd3 Bxf3 14. Qxf3 Be7 15.
Bd3 O-O 16. Nc2 Na7 17. Bg5 Nb5 18. Bd2 Qc7 19. Bxb5 axb5 20. O-O Ne4 21. Bf4
Qxc3 22. Qxc3 Rxc3 23. Na3 Bxb4 24. Nxb5 Rc2 25. Be3 Rfc8 26. Rfb1 Bd2 27. Bxd2
Nxd2 28. Re1 Nb3 29. Nd6 Nxa1 30. Nxc8 Nb3 31. Nd6 Nxa5 32. Ra1 b6 33. Nb7 h6
34. Nd6 Nb3 35. Ra8+ Kh7 36. h4 Rc7 37. h5 Nxd4 38. Rf8 g6 39. hxg6+ Kxg6 40.
Rg8+ Kh7 41. Rg4 Nf5 42. Ne8 h5 43. Rg5 Kh6 44. Rxf5 exf5 45. Nxc7 d4 46. Kf1
Kg6 47. Ke2 Kg5 48. Nd5 b5 49. Kd3 h4 50. Kxd4 Kg4 51. Ke3 b4 52. Nxb4 f4+ 53.
Ke4 f5+ 54. Ke5 f3 55. gxf3+ Kxf3 56. Nd3 h3 57. Ne1+ Ke2 58. Nc2 h2 59. Nd4+
Kxf2 60. Nxf5 h1=Q {White resigns} 0-1

[Event "Team 45 45 League T35"]
[Site "Internet Chess Club"]
[Date "2007.10.31"]
[Round "2"]
[White "Zornorph"]
[Black "alastorx"]
[Result "1-0"]
[WhiteElo "2018"]
[BlackElo "1857"]
[Opening "QGD: Tarrasch defense"]
[ECO "D32"]
[Time "15:56:05"]
[TimeControl "2700+45"]

1. c4 e6 2. Nc3 d5 3. d4 c5 4. Nf3 Nc6 5. e3 Nf6 6. Bd3 dxc4 7. Bxc4 a6 8. d5
exd5 9. Nxd5 b5 10. Nxf6+ Qxf6 11. Bd5 Bg4 12. h3 Bh5 13. e4 Rc8 14. g4 Bg6 15.
a4 Nb4 16. axb5 axb5 17. Ra7 c4 18. Bg5 Qb6 19. Bxf7+ Bxf7 20. Qd7# {Black
checkmated} 1-0

[Event "Team 45 45 League T35"]
[Site "Internet Chess Club"]
[Date "2007.10.27"]
[Round "2"]
[White "chinta"]
[Black "kabindra"]
[Result "0-1"]
[WhiteElo "1567"]
[BlackElo "1845"]
[Opening "French: exchange variation"]
[ECO "C01"]
[Time "11:01:03"]
[TimeControl "2700+45"]

1. e4 e6 2. d4 d5 3. exd5 exd5 4. Nc3 Nf6 5. Bd3 Nc6 6. Be3 Bd6 7. Nge2 O-O 8.
a3 a6 9. h3 Re8 10. Qd2 Ne4 11. Nxe4 dxe4 12. Bc4 Bd7 13. O-O Qf6 14. f3 Qh4 15.
fxe4 Rxe4 16. Bg5 Rxe2 17. Qxe2 Qxg5 18. Rxf7 Kh8 19. Rxd7 Qg3 20. Rxd6 Qxd6 21.
c3 Rd8 22. Rd1 Ne5 23. Ba2 Ng6 24. Bb1 Nf4 25. Qe4 Ng6 26. Rf1 Qb6 27. Qg4 c5
28. Qh5 cxd4 29. Bxg6 dxc3+ 30. Kh1 Qxg6 31. Qxg6 hxg6 32. bxc3 Rd3 33. Rc1 Kg8
34. Kg1 Kf7 35. Kf1 Ke6 36. Ke2 Rg3 37. Kf2 Rd3 38. Rb1 b5 39. Re1+ Kf5 40. Re3
Rd2+ 41. Kf3 Ra2 42. g4+ Kf6 43. c4 bxc4 44. Rc3 Ke5 45. Rxc4 Rxa3+ 46. Kg2 Kf6
47. h4 a5 48. Rc6+ Kf7 49. Ra6 a4 50. Kf2 Ra1 51. Ke2 a3 52. Kd2 a2 53. Kc2 Rh1
54. Rxa2 Rh2+ 55. Kb3 Rxa2 56. Kxa2 Ke6 57. Kb3 Ke5 58. Kc4 Kf4 59. Kd5 Kxg4 60.
Ke5 g5 61. hxg5 Kxg5 62. Ke4 Kg4 63. Ke3 Kg3 64. Ke2 Kg2 65. Ke3 g5 66. Ke4 g4
67. Kf4 g3 68. Kg4 Kf2 {White resigns} 0-1

[Event "Team 45 45 League T35"]
[Site "Internet Chess Club"]
[Date "2007.10.30"]
[Round "2"]
[White "tammany"]
[Black "Egmont"]
[Result "1-0"]
[WhiteElo "1618"]
[BlackElo "1684"]
[Opening "Robatsch (modern) defense"]
[ECO "A40"]
[Time "13:03:13"]
[TimeControl "2700+45"]

1. d4 g6 2. e4 Bg7 3. Nf3 c6 4. c4 d5 5. Nc3 dxe4 6. Nxe4 Bg4 7. Be3 Bxf3 8.
Qxf3 Bxd4 9. Rd1 Qa5+ 10. Bd2 Qf5 11. Bf4 Bg7 12. Bd3 Qe6 13. O-O Be5 14. Ng5
Qf6 15. Bxe5 Qxe5 16. Qxf7+ Kd8 17. Ne6+ {Black resigns} 1-0

[Event "Team 45 45 League T35"]
[Site "Internet Chess Club"]
[Date "2007.10.25"]
[Round "2"]
[White "BrerRabbit"]
[Black "b-spot"]
[Result "1-0"]
[WhiteElo "1614"]
[BlackElo "1548"]
[Opening "QGD Slav: 4.e3 Bf5"]
[ECO "D12"]
[Time "19:00:17"]
[TimeControl "2700+45"]

1. d4 d5 2. c4 c6 3. Nf3 Nf6 4. e3 Bf5 5. cxd5 cxd5 6. Qb3 Qc7 7. Bd2 Nc6 8. Bb5
e6 9. O-O Bd6 10. Rc1 O-O 11. Be1 Rac8 12. Bxc6 bxc6 13. Bb4 Rb8 14. Bxd6 Qxd6
15. Qa3 Qxa3 16. bxa3 Rb6 17. Nbd2 Rfb8 18. Nb3 Nd7 19. Rc3 f6 20. Rac1 Rc8 21.
Nh4 Bg4 22. Kf1 Kf8 23. R3c2 Ra6 24. h3 Bh5 25. g4 Be8 26. Nc5 Nxc5 27. Rxc5
Rxa3 28. R1c2 Rb8 29. Kg2 Rb5 30. R5c3 Rxc3 31. Rxc3 Ra5 32. Rc2 Ke7 33. f4 Kd6
34. Rb2 Rb5 35. Rc2 c5 36. dxc5+ Rxc5 37. Rb2 Rb5 38. Rc2 Bd7 39. Nf3 Ra5 40.
Nd4 Ra3 41. Kf2 e5 42. fxe5+ Kxe5 43. Kf3 g6 44. Rc7 Kd6 45. Rb7 Rxa2 46. Rb8 h5
47. Rg8 hxg4+ 48. hxg4 g5 49. Rg7 a5 50. Rf7 a4 51. Rxf6+ Ke5 52. Rf7 Be6 53.
Re7 Kd6 54. Rxe6+ Kc5 55. Re5 a3 56. Rxg5 Rh2 57. Rg8 a2 58. Ra8 Kc4 59. Ne2 Kb3
60. Nc1+ Kc4 61. Rxa2 Rh3+ 62. Kf4 Rh1 63. Rc2+ {Black resigns} 1-0

[Event "Team 45 45 League T35"]
[Site "Internet Chess Club"]
[Date "2007.10.28"]
[Round "2"]
[White "fishhead"]
[Black "jonesey"]
[Result "0-1"]
[WhiteElo "1832"]
[BlackElo "2023"]
[Opening "Ruy Lopez: closed, 7...O-O"]
[ECO "C88"]
[Time "11:08:03"]
[TimeControl "2700+45"]

1. e4 e5 2. Nf3 Nc6 3. Bb5 a6 4. Ba4 Nf6 5. O-O Be7 6. Re1 b5 7. Bb3 O-O 8. h3
Bb7 9. c3 d5 10. exd5 Nxd5 11. Nxe5 Nxe5 12. Rxe5 Nf4 13. f3 Nd3 14. Re2 Bc5+
15. Kf1 Qh4 16. Bc2 Nxc1 17. Qxc1 Bxf3 18. d4 Bxe2+ 19. Kxe2 Rae8+ 20. Kf1 Bd6
21. Nd2 Bg3 22. Nf3 Qf6 23. Qd2 Re7 24. Kg1 Rfe8 25. Rf1 Re2 26. Qd3 g6 27. Bb3
Qf4 28. Qd1 Qe3+ 29. Kh1 Re7 30. d5 Rxb2 31. d6 Bxd6 32. Qd5 Qe2 33. Rg1 Qe4 34.
Qxe4 Rxe4 35. Ng5 Re3 36. Bxf7+ Kg7 37. Bd5 Re5 38. Ne6+ Kf6 39. Rf1+ Ke7 40.
Nf4 Rf5 41. Re1+ Kf6 42. Nd3 Re2 43. Bf3 Rxe1+ 44. Nxe1 Rc5 45. Kg1 Bg3 46. Kf1
Rxc3 47. Bd5 {White resigns} 0-1

[Event "Team 45 45 League T35"]
[Site "Internet Chess Club"]
[Date "2007.10.28"]
[Round "2"]
[White "JimGrange"]
[Black "MaunaKeaMike"]
[Result "1/2-1/2"]
[WhiteElo "1868"]
[BlackElo "1852"]
[Opening "QGD Slav: 4.Nc3"]
[ECO "D15"]
[Time "12:01:21"]
[TimeControl "2700+45"]

1. Nf3 d5 2. c4 c6 3. d4 Nf6 4. Nc3 Bf5 5. Qb3 Qb6 6. c5 Qxb3 7. axb3 Nbd7 8.
Bf4 Nh5 9. e3 Nxf4 10. exf4 h6 11. b4 e6 12. h3 h5 13. b5 Be7 14. b4 O-O 15.
bxc6 bxc6 16. b5 Rfc8 17. Kd2 Bf6 18. bxc6 Rxc6 19. Bb5 Rc7 20. Bxd7 Rxd7 21.
Ne5 Bxe5 22. fxe5 Rb7 23. Ra2 Rb4 24. Ke3 Rb3 25. Rc1 a5 26. Kd2 Rb4 27. Ne2 a4
28. Rc3 Ra7 29. f3 Kf8 30. Ke3 Ke8 31. Rca3 Bb1 32. Ra1 Bc2 33. g4 hxg4 34. hxg4
Kd7 35. Rc3 Bb3 36. Nc1 Bc4 37. Rca3 Kc6 38. f4 Kb5 39. Nd3 Bxd3 40. Kxd3 Ra8
41. Rh1 g6 42. Rh7 Ra7 43. f5 gxf5 44. gxf5 Ra8 45. Rxf7 exf5 46. Rxf5 Rh8 47.
Rf3 Rh1 48. Kc2 Rxd4 49. Rac3 Rh2+ 50. Kb1 Rd1+ 51. Rc1 Rxc1+ 52. Kxc1 Kxc5 53.
Re3 d4 {Game drawn by mutual agreement} 1/2-1/2

[Event "Team 45 45 League T35"]
[Site "Internet Chess Club"]
[Date "2007.10.27"]
[Round "2"]
[White "Raisingthebar"]
[Black "MrPetrov"]
[Result "0-1"]
[WhiteElo "2084"]
[BlackElo "2198"]
[Opening "Sicilian: Pelikan, Chelyabinsk variation"]
[ECO "B33"]
[Time "12:01:09"]
[TimeControl "2700+45"]

1. e4 c5 2. Nf3 Nc6 3. d4 cxd4 4. Nxd4 Nf6 5. Nc3 e5 6. Ndb5 d6 7. Bg5 a6 8. Na3
b5 9. Nd5 Be7 10. Bxf6 Bxf6 11. c3 Ne7 12. Nxf6+ gxf6 13. Nc2 Bb7 14. Bd3 d5 15.
Qe2 dxe4 16. Bxe4 Bxe4 17. Qxe4 Qd5 18. Qxd5 Nxd5 19. O-O-O O-O-O 20. g3 f5 21.
Rd2 f4 22. Rhd1 fxg3 23. hxg3 Nf6 24. Rxd8+ Rxd8 25. Rxd8+ Kxd8 26. Kd2 Nd5 27.
Kd3 Kd7 28. c4 bxc4+ 29. Kxc4 Ke6 30. a4 f5 31. Ne1 h5 32. Nd3 e4 33. Nc5+ Ke5
34. Nd7+ Kd6 35. Kd4 Nb4 36. Nb6 Nd3 37. Nc4+ Ke6 38. f3 f4 39. gxf4 h4 40. Ne3
h3 41. Nf1 Nxb2 42. fxe4 Nxa4 43. Ng3 a5 44. f5+ Kf7 45. e5 Nb6 46. e6+ Kf6 47.
Ke4 Nc8 48. Kf4 h2 49. Ne4+ Ke7 50. Ng3 a4 51. Ke5 a3 52. f6+ Ke8 53. e7 a2 54.
Ke6 Nxe7 55. Nh5 a1=Q 56. Ng7+ Kf8 57. fxe7+ Kxg7 58. e8=Q Qe1+ {White resigns}
0-1

[Event "Team 45 45 League T35"]
[Site "Internet Chess Club"]
[Date "2007.10.27"]
[Round "2"]
[White "DeepHmm"]
[Black "Thor5581"]
[Result "1-0"]
[WhiteElo "2050"]
[BlackElo "2010"]
[Opening "English, 1...Nf6 (Anglo-Indian defense)"]
[ECO "A15"]
[Time "13:01:10"]
[TimeControl "2700+45"]

1. c4 Nf6 2. g3 c6 3. Bg2 d5 4. Qc2 dxc4 5. Qxc4 Be6 6. Qc2 g6 7. Nf3 Bd5 8. Nc3
Bxf3 9. Bxf3 Bg7 10. O-O O-O 11. d3 Nbd7 12. Be3 Nb6 13. Qb3 Nfd5 14. Bd2 Rb8
15. a4 a6 16. a5 Nxc3 17. bxc3 Na8 18. Be3 e5 19. Ba7 {Black resigns} 1-0

[Event "Team 45 45 League T35"]
[Site "Internet Chess Club"]
[Date "2007.10.27"]
[Round "2"]
[White "kolibandi"]
[Black "Sleete"]
[Result "0-1"]
[WhiteElo "2036"]
[BlackElo "2002"]
[Opening "French: MacCutcheon, Lasker variation"]
[ECO "C12"]
[Time "15:57:47"]
[TimeControl "2700+45"]

1. e4 e6 2. d4 d5 3. Nc3 Nf6 4. Bg5 Bb4 5. e5 h6 6. Bd2 Bxc3 7. bxc3 Ne4 8. Qg4
Kf8 9. h4 c5 10. Bd3 Nxd2 11. Kxd2 Qa5 12. Rh3 cxd4 13. Rg3 Qxc3+ 14. Ke2 Rg8
15. Re1 Nc6 16. Kf1 Bd7 17. Ne2 Qd2 18. Nf4 Rc8 19. Bh7 g5 20. Nh5 Nxe5 21. Rxe5
f5 22. Qe2 Qxe2+ 23. Kxe2 Rh8 24. hxg5 hxg5 25. Bg6 Rxc2+ 26. Kd3 Rxf2 27. Rxg5
Ke7 28. Bxf5 Kd6 29. Bh3 Rc8 30. Kxd4 Rc4+ 31. Ke3 Rcc2 32. Nf4 d4+ 33. Ke4 Bc6+
34. Kxd4 Rxf4+ 35. Kd3 Rxa2 36. Rxe6+ Kc7 37. Rc5 Rff2 38. Rc3 Rfd2+ 39. Kc4 a5
40. Kc5 b6+ 41. Kc4 b5+ 42. Kb3 Rdb2# {White checkmated} 0-1

[Event "Team 45 45 League T35"]
[Site "Internet Chess Club"]
[Date "2007.10.26"]
[Round "2"]
[White "powerchess1"]
[Black "vvsi"]
[Result "1-0"]
[WhiteElo "1652"]
[BlackElo "1755"]
[Opening "Kevitz-Trajkovich defense"]
[ECO "A50"]
[Time "08:14:31"]
[TimeControl "2700+45"]

1. d4 Nf6 2. c4 Nc6 3. Nc3 e5 4. dxe5 Nxe5 5. e4 Bb4 6. Qc2 Bxc3+ 7. Qxc3 d6 8.
Qc2 O-O 9. Bg5 h6 10. Bh4 Ng6 11. Nf3 Nxh4 12. Nxh4 Nxe4 13. Nf3 Bf5 14. Bd3 Re8
15. O-O Qf6 16. Rae1 Ng5 17. Bxf5 Nxf3+ 18. gxf3 Qg5+ 19. Kh1 Qf4 20. Rxe8+ Rxe8
21. Bh3 Qxf3+ 22. Bg2 Qh5 23. Qd1 Qh4 24. b3 Re5 25. Qf3 Rh5 26. Qg3 Qd4 27. Qe3
Qxe3 28. fxe3 Re5 29. Bd5 Rxe3 30. Rxf7 Kh7 31. Rxc7 Re1+ 32. Kg2 Re2+ 33. Kg3
Rxa2 34. Rxb7 Rb2 35. h4 a5 36. h5 a4 37. bxa4 Ra2 38. Be4+ Kg8 39. Bd5+ Kf8 40.
Rf7+ Ke8 41. Rxg7 Rxa4 42. Bc6+ {Black resigns} 1-0

[Event "Team 45 45 League T35"]
[Site "Internet Chess Club"]
[Date "2007.10.25"]
[Round "2"]
[White "nardz"]
[Black "Razorbackchess"]
[Result "1-0"]
[WhiteElo "2204"]
[BlackElo "1867"]
[Opening "King's Indian: orthodox, Aronin-Taimanov variation (Yugoslav attack / Mar del Plata variation)"]
[ECO "E97"]
[Time "20:15:15"]
[TimeControl "2700+45"]

1. d4 Nf6 2. c4 g6 3. Nc3 Bg7 4. e4 d6 5. Nf3 O-O 6. Be2 e5 7. O-O Nc6 8. d5 Ne7
9. Nd2 a5 10. a3 Nd7 11. Rb1 f5 12. b4 Kh8 13. Na4 b6 14. f3 f4 15. c5 bxc5 16.
bxc5 h5 17. cxd6 cxd6 18. Nc4 Nf6 19. Nab6 Ra7 20. Bd2 g5 21. Bxa5 Ne8 22. Qd2
Qc7 23. Na4 Qd7 24. Ncb6 Qd8 25. Rfc1 Ba6 26. Nc8 {Black resigns} 1-0